 Dungeon Crawl Stone Soup version 0.28.0-53-g5a82cb258f (webtiles) character file.

Game seed: 3462905428952671256

37 Zeld the Gusty (level 3, -1/19 HPs)
             Began as a Tengu Air Elementalist on May 21, 2022.
             Slain by a worm (8 damage)
             ... on level 2 of the Dungeon.
             The game lasted 00:01:14 (2200 turns).

Zeld the Gusty (Tengu Air Elementalist)             Turns: 2200, Time: 00:01:15

Health: -1/19      AC:  2    Str:  8    XL:     3   Next: 39%
Magic:  4/8        EV: 12    Int: 17    God:
Gold:   11         SH:  0    Dex: 14    Spells: 1/7 levels left

rFire   . . .      SeeInvis .   (no weapon)
rCold   . . .      Faith    .   (no shield)
rNeg    . . .      Spirit   .   a - +0 robe
rPois   .          Reflect  .   (helmet restricted)
rElec   .          Harm     .   (no cloak)
rCorr   .          Rampage  .   (no gloves)
Will    .....                   (boots unavailable)
Stlth   ++........              (no amulet)
HPRegen 0.06/turn               (no ring)
MPRegen 0.11/turn               (no ring)

@: no status effects
A: beak, talons 3
a: no special abilities


You were on level 2 of the Dungeon.
You visited 1 branch of the dungeon, and saw 2 of its levels.

You collected 11 gold pieces.

Inventory:

Armour
 a - a +0 robe (worn)
Jewellery
 f - a ring of protection from fire
Wands
 h - a wand of polymorph (9)
Scrolls
 b - a scroll of vulnerability {unknown}
 d - a scroll of teleportation {unknown}
 e - 2 scrolls of identify {unknown}
 g - a scroll of amnesia {unknown}
Potions
 c - a potion of resistance {unknown}


   Skills:
 - Level 2.1 Dodging
 - Level 2.0 Stealth
 * Level 2.7 Spellcasting
 + Level 2.2 Conjurations
 * Level 4.7 Air Magic


You had one spell level left.
You knew the following spells:

 Your Spells              Type           Power      Damage    Failure   Level
a - Shock                 Conj/Air       56%        1d6       4%          1
b - Static Discharge      Conj/Air       14%        N/A       6%          2
c - Swiftness             Air            18%        N/A       8%          3

Your spell library contained the following spells:

 Spells                   Type           Power      Damage    Failure   Level
 Animate Skeleton         Necr           4%         N/A       19%         1
 Pain                     Necr           8%         1d4       19%         1
 Airstrike                Air            9%         N/A       26%         4
 Vampiric Draining        Necr           2%         2d6       47%         3


Dungeon Overview and Level Annotations

Branches:
Dungeon (2/15)

Altars:

Shops:
D:2 =


Innate Abilities, Weirdness & Mutations

You have a beak for a mouth.
You have claws for feet.


Message History

a +0 short sword; 4 stones; a kobold corpse A dart slug and an endoplasm come into view.
There are monsters nearby!
The helpless dart slug fails to defend itself.
You hit the dart slug.
You peck the dart slug, but do no damage.
The dart slug is moderately wounded.
There are monsters nearby!
You hit the dart slug but do no damage. Your kick misses the dart slug.
The dart slug is moderately wounded.
The dart slug launches a dart at you. The slug dart hits you.
You hit the dart slug.
The dart slug is moderately wounded.
The dart slug launches a dart at you. The slug dart hits you.
Casting: Static Discharge (safe; 7% risk of failure)
Confirm with . or Enter, or press ? or * to list all spells.
The dart slug is struck by an arc of lightning!
You kill the dart slug!
You are struck by an arc of lightning.
An endoplasm is nearby!
You see here a dart slug corpse.
Casting: Static Discharge (safe; 6% risk of failure)
Confirm with . or Enter, or press ? or * to list all spells.
You can't see any susceptible monsters within range! (Use Z to cast anyway.)
Casting: Static Discharge (safe; 6% risk of failure)
Confirm with . or Enter, or press ? or * to list all spells.
You can't see any susceptible monsters within range! (Use Z to cast anyway.)
A worm comes into view.
Casting: Static Discharge (safe; 6% risk of failure)
Confirm with . or Enter, or press ? or * to list all spells.
The worm is struck by an arc of lightning.
The worm is moderately wounded.
You are struck by an arc of lightning.
The lightning grounds out.
The endoplasm is struck by an arc of lightning.
You kill the endoplasm!
You are struck by an arc of lightning.
The lightning grounds out.
The worm bites you!
You die...

###### ### ### ###
#.w#.# #.# #.# #.#
#@#.#.#.#.#.#.#.#.
#..###.###.###.###
#.#†#.#.#.#.#.#.#.
#..#.#.#.#.#.#.#.#
#.################
##.# ...#######
#### .........#
#... ....<.....#
#...


You could see a worm.

Vanquished Creatures
  2 dart slugs
  2 ball pythons (D:1)
  3 bats (D:1)
  3 endoplasms
  4 goblins (D:1)
  4 hobgoblins (D:1)
  3 jackals (D:2)
  2 quokkas
  2 frilled lizards (D:2)
  2 kobolds
  2 rats
29 creatures vanquished.

Vanquished Creatures (others)
  3 fungi (D:1)
  4 plants (D:1)
7 creatures vanquished.

Grand Total: 36 creatures vanquished

Notes
Turn   | Place    | Note
-------+----------+-------------------------------------------
     0 | D:1      | Zeld the Tengu Air Elementalist began the quest for the
                  | Orb.
     0 | D:1      | Reached XP level 1. HP: 10/10 MP: 4/4
   183 | D:1      | Reached XP level 2. HP: 11/15 MP: 1/6
   248 | D:1      | Learned a level 2 spell: Static Discharge
  1590 | D:1      | Found a faded altar of an unknown god.
  1634 | D:1      | Reached XP level 3. HP: 16/19 MP: 4/7
  1638 | D:1      | Learned a level 3 spell: Swiftness
  1951 | D:2      | Found Gekutase's Jewellery Emporium.
  2200 | D:2      | Slain by a worm

Illustrated notes

Levels and vault maps discovered:
D:1:      amcnicky_arrival_wind_blow, layout_loops_ring,
          shapermc_ecumenical_altar_mp_urbaneastern,
          chequers_serial_rivers_large_a, hangedman_decor_clover_reticule
D:2:      layout_rooms, serial_shops, nicolae_shop_crystal,
          roderic_roman_lattice, uniq_sigmund

Skill      XL: |  1  2 |
---------------+-------+-----
Conjurations   | 2 |  2.2
Dodging        | |  2.1
Stealth        | |  2.0
Spellcasting   | |  2.7
Air Magic      | |  4.7

Action                   || total
-------------------------++-------
Melee: Unarmed           ||    32
       Kick              ||     8
       Peck              ||     7
       Punch             ||     1
 Cast: Shock             ||    22
       Static Discharge  ||    15
 Stab: Sleeping          ||     2
Armor: Robe              ||     5
Dodge: Dodged            ||    20
